 Dungeon Crawl Stone Soup version 0.29.1-12-g30fa7ad0bf (webtiles) character file.

Game seed: 9919256718084958853

197329 bubby the Corrupter of Planes (level 17, -3/140 HPs)
             Began as a Demonspawn Abyssal Knight on Jan 12, 2023.
             Was the Champion of Lugonu.
             Slain by a thorn hunter (9 damage)
             ... on level 4 of the Swamp on Jan 13, 2023.
             The game lasted 02:48:13 (44262 turns).

bubby the Corrupter of Planes (DsAK)               Turns: 44262, Time: 02:48:14

Health: -3/140     AC: 20    Str: 33    XL:     17   Next: 77%
Magic:  30/30      EV: 17    Int: 13    God:    Lugonu [******]
Gold:   1993       SH:  9    Dex: 13    Spells: 16/16 levels left

rFire   + + +      SeeInvis .   Y - +9 eveningstar (chaos)
rCold   . . .      Faith    .   y - orb {light}
rNeg    + + +      Spirit   .   u - +5 ring mail of Sucwiu {Contam rPois rF+++ rN+++}
rPois   +          Reflect  +   (helmet restricted)
rElec   +          Harm     .   V - scarf {repulsion}
rCorr   .          Rampage  .   (no gloves)
Will    ++...                   M - +2 pair of boots
Stlth   +.........              E - amulet of reflection
HPRegen 0.33/turn               Z - +6 ring of strength
MPRegen 0.22/turn               a - +6 ring of strength

@: glowing, repel missiles, very slow
A: horns 2, thin metallic scales 3, spiny 1, condensation shield, demonic
willpower
}: 1/15 runes: serpentine
a: Renounce Religion, Depart the Abyss, Bend Space, Banish, Corrupt, Enter the
Abyss, Brand Weapon With Distortion


You were on level 4 of the Swamp.
You worshipped Lugonu.
Lugonu was exalted by your worship.
You visited 4 branches of the dungeon, and saw 28 of its levels.
You visited the Abyss 1 time.
You also visited: Ice Cave.

You collected 2457 gold pieces.
You spent 464 gold pieces at shops.

Inventory:

Hand Weapons
 h - the +7 mace of Variability {chain chaos}
   (You acquired it on level 3 of the Snake Pit)

   Each time it hits an enemy it has a different, random effect.
   It occasionally unleashes arcs of chaos on nearby creatures upon striking a
   foe.
 Y - a +9 eveningstar of chaos (weapon)
Missiles
 e - 5 throwing nets (quivered)
Armour
 o - the +12 plate armour of Gozag's Brutal Revenge {-Cast Rampage Regen+ rCorr}
   (You found it on level 1 of the Snake Pit)

   -Cast:     It prevents spellcasting.
   Regen:     It increases your rate of health regeneration.
   rCorr:     It protects you from acid and corrosion.
   Rampage:   It bestows one free step when moving towards enemies.
 u - the +5 ring mail of Sucwiu (worn) {Contam rPois rF+++ rN+++}
   (You found it on level 4 of the Lair of Beasts)

   rF:        It renders you almost immune to fire.
   rPois:     It protects you from poison.
   rN:        It renders you almost immune to negative energy.
   Contam:    It causes magical contamination when unequipped.
 y - an orb of light (worn)
 M - a +2 pair of boots (worn)
 V - a scarf of repulsion (worn)
Jewellery
 a - a +6 ring of strength (right hand)
 E - an amulet of reflection (around neck)
 I - a ring of see invisible
 O - a ring of flight
 S - a ring of resist corrosion
 U - the ring of Agibai {rC+ MP+9}
   (You found it on level 1 of the Lair of Beasts)

   [ring of magical power]

   rC:        It protects you from cold.
   MP:        It affects your magic capacity (+9).
 Z - a +6 ring of strength (left hand)
Wands
 r - a wand of roots (29)
 J - a wand of charming (19)
 N - a wand of flame (67)
 Q - a wand of polymorph (7)
 X - a wand of light (33)
Scrolls
 d - 7 scrolls of immolation
 f - 10 scrolls of teleportation
 k - a scroll of enchant weapon
 m - 2 scrolls of torment
 n - 4 scrolls of vulnerability
 p - 6 scrolls of fear
 q - 3 scrolls of blinking
 s - 7 scrolls of noise
 t - 5 scrolls of butterflies
 w - 3 scrolls of amnesia
 B - 4 scrolls of enchant armour
 C - 7 scrolls of poison
 L - a scroll of silence
 R - 8 scrolls of identify
 T - a scroll of summoning
Potions
 b - 2 potions of cancellation
 c - 2 potions of ambrosia
 g - 2 potions of magic
 l - 4 potions of lignification
 x - 6 potions of might
 z - 10 potions of curing
 A - 3 potions of invisibility
 D - 5 potions of flight
 G - 2 potions of mutation
 H - 4 potions of brilliance
 K - 4 potions of attraction
 P - a potion of haste
Miscellaneous
 i - a phial of floods
 j - a box of beasts
 v - a condenser vane


   Skills:
 + Level 14.8 Fighting
 - Level 1.8(8.8) Axes
 + Level 13.4 Maces & Flails
 + Level 13.5 Armour
 + Level 13.4 Dodging
 + Level 18.7 Invocations
 - Level 8.5 Evocations


You had 16 spell levels left.
You didn't know any spells.
Your spell library contained the following spells:

 Spells                   Type           Power      Damage    Failure   Level
 Freeze                   Ice            0%         1d3       36%         1
 Magic Dart               Conj           0%         1d3       36%         1
 Sandblast                Erth           0%         2d4       36%         1
 Blink                    Tloc           0%         N/A       52%         2
 Call Imp                 Summ           0%         N/A       52%         2
 Passwall                 Tmut/Erth      0%         N/A       52%         2
 Poisonous Vapours        Pois/Air       0%         N/A       52%         2
 Frozen Ramparts          Ice            0%         1d1       75%         3
 Mephitic Cloud           Conj/Pois/Air  0%         N/A       75%         3
 Ozocubu's Armour         Ice            0%         N/A       75%         3
 Stone Arrow              Conj/Erth      0%         3d7       75%         3
 Corpse Rot               Necr/Pois/Air  0%         N/A       98%         4
 Hailstorm                Conj/Ice       0%         3d3       98%         4
 Ice Form                 Ice/Tmut       0%         N/A       98%         4
 Alistair's Intoxication  Tmut/Pois      0%         N/A       100%        5
 Borgnjor's Vile Clutch   Necr/Erth      0%         N/A       100%        5
 Fireball                 Conj/Fire      0%         3d3       100%        5
 Manifold Assault         Tloc           0%         N/A       100%        5
 Metabolic Englaciation   Hex/Ice        0%         N/A       100%        5
 Dispersal                Tloc           0%         N/A       100%        6
 Eringya's Noxious Bog    Tmut/Pois      0%         N/A       100%        6
 Simulacrum               Ice/Necr       0%         N/A       100%        6
 Starburst                Conj/Fire      0%         6d3       100%        6
 Ozocubu's Refrigeration  Ice            0%         4d7       100%        7
 Storm Form               Tmut/Air       0%         N/A       100%        7
 Disjunction              Tloc           0%         N/A       100%        8
 Ignition                 Fire           0%         3d3       100%        8


Dungeon Overview and Level Annotations

Branches:
Dungeon (15/15)            Temple (0/1) D:5            Lair (5/5) D:8
  Swamp (4/4) Lair:3        Snake (4/4) Lair:2        Slime (0/5) Lair:5
    Orc (0/2) D:9          Vaults (0/5) D:14         Depths (0/4) D:15
  IceCv (visited)

Altars:
Cheibriados
Dithmenos
Kikubaaqudgha
Makhleb
Uskayaw
Xom
Yredelemnul
Jiyva

Shops:
D:4 *(   D:5 [   D:8 ?   D:12 =   Snake:2 (   Snake:4 [

Annotations:
D:15 corrupted, 3 runed translucent doors, Ghostmaker01's ghost, weakling FoFi
Snake:1 corrupted
Snake:4 corrupted
Abyss:1 Snorg


Innate Abilities, Weirdness & Mutations

You have a pair of horns on your head.
You are completely covered in thin metallic scales. (AC +4, rElec)
You are partially covered in sharp spines.
A meltable shield of frost defends you. (SH +4)
You punish those that try to bend your will. (Will+)


Message History

You start resting.
You are no longer berserk.
You are exhausted.
You feel yourself slow down.
You start resting.
You feel yourself speed up.
You start resting.
You recover from your berserk rage.
You start resting.
A thorn hunter comes into view.
Press: ? - help, Shift-Dir - straight line, f - thorn hunter
Aim: a thorn hunter (wandering, hasn't noticed you, haloed, chance to affect: 29%)
Okay, then.
Okay, then.
You enter the shallow water.
Moving in this stuff is going to be slow.
You block the thorn hunter's attack. The thorn hunter hits you!
Things that are here:
+0 swamp dragon scales; a swamp dragon skeleton; a hydra skeleton You barely miss the thorn hunter.
Your headbutt misses the thorn hunter.
The thorn hunter gestures.
Thorny briars emerge from the ground!
You bludgeon the thorn hunter!! You burn the thorn hunter!
Your headbutt misses the thorn hunter.
The thorn hunter is moderately damaged.
You block the thorn hunter's attack. The thorn hunter hits you!
You hit the thorn hunter but do no damage.
You headbutt the thorn hunter, but do no damage.
The thorn hunter is moderately damaged.
The thorn hunter fires a volley of thorns at you.
The volley of thorns hits you!!
* * * LOW HITPOINT WARNING * * *
Your unstable footing causes you to fumble your attack.
The thorn hunter fires a volley of thorns at you.
The volley of thorns is repelled.
Your unstable footing causes you to fumble your attack.
The thorn hunter hits you!
* * * LOW HITPOINT WARNING * * *
The thorn hunter hits you!
You die...

##########..~~~~~~...~
♣.. ~..~~~~
.♣~.~~.~..♣ ♣♣.
♣♣♣♣♣♣♣ ♣♣♣.~~....P ♣♣
~.~♣♣♣♣ ♣♣♣~.~~~~ P♣ ♣
....♣~♣♣♣.~~~§~.~ .♣
♣♣
~......†♣.~~~~.♣♣♣~♣♣
♣.
..§.~~....~~~~.♣♣.^~♣
♣♣
..♣~♣.~.♣♣..).♣♣....♣
♣
~.~~~~~..~..☼○○♣@♣♣♣♣
[...♣~...§.~~..f♣♣
.♣♣♣♣♣♣~~~.~.~♣♣♣ ♣♣
♣♣♣~.?.♣♣ ♣♣÷§.♣ #.≈†#
#.~~# #.≈.# ..≈.≈


You could see a thorn hunter.

Vanquished Creatures
  A tentacled monstrosity (Lair:3)
  Donald (Swamp:1)
  2 fenstrider witches (Swamp:4)
  3 nagarajas (Snake:4)
  Aizul (Snake:4)
  An ironbound preserver (D:14)
  Nessos (D:14)
  7 eleionomae
  5 bunyips
  A dire elephant (D:15)
  A fire dragon (Swamp:2)
  Harold (D:11)
  3 salamander tyrants (Snake:4)
  9 alligators
  A ghost crab (Swamp:4)
  7 boulder beetles
  24 hydras
  8 anacondas
  6 naga warriors
  7 centaur warriors
  A dancing weapon (D:10)
  A tengu warrior (D:14)
  The ghost of sigtrap the Trooper, a journeyman GrGl of Cheibriados (D:10)
  11 death yaks
  5 two-headed ogres
  A spriggan berserker (Swamp:3)
  4 shock serpents
  13 naga sharpshooters
  3 skeletal warriors
  2 fire crabs (Lair:3)
  4 goliath frogs
  A death drake (Swamp:3)
  4 salamander mystics
  7 bog bodies
  11 swamp dragons
  2 spriggan druids
  2 naga ritualists
  A harpy (shapeshifter) (Swamp:4)
  6 ugly things
  A necromancer (IceCv)
  A wolf spider zombie (D:14)
  4 mana vipers
  14 elephants
  A salamander (shapeshifter) (D:13)
  4 manticores
  2 will-o-the-wisps
  2 wolf spiders
  6 guardian serpents
  A moth of wrath (Snake:3)
  15 salamanders
  6 cyclopes
  25 black mambas
  3 centaur zombies (D:14)
  2 ice statues (IceCv)
  An eye of devastation (Snake:4)
  6 naga magi
  2 gargoyles (D:13)
  17 cane toads
  An unseen horror (D:12)
  A redback zombie (D:14)
  8 rime drakes
  6 ice devils (IceCv)
  4 anaconda simulacra (IceCv)
  9 komodo dragons
  4 polar bears
  6 trolls
  7 hornets
  7 tyrant leeches
  3 slime creatures
  26 blink frogs
  8 spriggans
  A meliai zombie (D:14)
  63 yaks
  16 wyverns
  2 centaur simulacra (D:11)
  A dire elephant simulacrum (IceCv)
  4 hogs (Swamp:2)
  2 vampires
  3 wraiths
  6 basilisks
  4 vampire mosquitoes
  4 steam dragons
  A redback (Lair:5)
  A death yak simulacrum (IceCv)
  4 harpy simulacra (IceCv)
  18 water moccasins
  15 swamp worms
  21 nagas
  A hydra simulacrum (IceCv)
  7 swamp drakes
  2 ice beasts
  3 orc warriors
  3 black bears
  2 sky beasts
  26 wolves
  2 ogres (D:5)
  6 centaurs
  4 phantoms
  7 bullfrogs
  2 kobold brigands
  A necrophage (D:4)
  2 two-headed ogre simulacra (D:11)
  6 scorpions
  A gnoll sergeant (D:7)
  8 wights
  7 killer bees
  An electric eel (D:11)
  6 crimson imps (D:12)
  3 jellies
  An orc priest (D:3)
  A hound (D:7)
  A gnoll bouda (D:5)
  4 hell rats (Lair:5)
  5 iguanas
  7 orc wizards
  2 boggart zombies (D:14)
  A spriggan simulacrum (IceCv)
  10 gnolls
  5 adders
  3 shadow imps
  9 white imps
  An ufetubus (D:11)
  2 worms
  5 dart slugs
  31 orcs
  4 endoplasms
  4 giant cockroaches
  8 goblins
  5 hobgoblins
  2 jackals (D:4)
  6 quokkas
  5 ball pythons
  11 bats
  6 frilled lizards
  18 kobolds
  2 rats (D:1)
  A bush (D:4)
  A butterfly (D:7)
800 creatures vanquished.

Vanquished Creatures (collateral kills)
  2 naga magi (Snake:3)
  3 nagas (Snake:3)
5 creatures vanquished.

Vanquished Creatures (others)
  Mara (Snake:4)
  Kirke (Swamp:2)
  2 hydras (D:15)
  6 naga warriors
  3 anacondas
  2 alligators
  A naga sharpshooter (Snake:1)
  3 salamander mystics (Snake:4)
  4 skeletal warriors (D:15)
  An anaconda zombie (Snake:4)
  A deep elf archer (D:15)
  3 mana vipers
  3 naga ritualists (Snake:4)
  An ugly thing (D:15)
  11 salamanders
  8 black mambas (Snake:4)
  3 guardian serpents (Snake:4)
  3 naga magi
  3 bloated husks
  A shapeshifter (Snake:1)
  8 nagas
  A swamp worm (Swamp:1)
  A water moccasin (shapeshifter) (D:15)
  5 boggarts (D:15)
  6 foxfires (Swamp:2)
  27 fungi
  68 plants
  20 starspawn tentacles
  A withered plant (D:14)
198 creatures vanquished.

Grand Total: 1003 creatures vanquished

Notes
Turn   | Place    | Note
-------+----------+-------------------------------------------
     0 | Abyss:1  | bubby the Demonspawn Abyssal Knight began the quest for the
                  | Orb.
     0 | Abyss:1  | Reached XP level 1. HP: 18/18 MP: 2/2
     1 | D:1      | Escaped the Abyss
    24 | D:1      | Reached skill level 1 in Dodging
   206 | D:1      | You fall into a shaft and drop 1 floor!
   234 | D:1      | Gained mutation: You are partially covered in thin metallic
                  | scales. (AC +2) [demonic ancestry]
   234 | D:1      | Reached XP level 2. HP: 24/24 MP: 4/4
   493 | D:1      | Found a faded altar of an unknown god.
   814 | D:2      | Reached *** piety under Lugonu
   815 | D:2      | Reached XP level 3. HP: 29/29 MP: 5/5
   837 | D:2      | Reached skill level 3 in Invocations
  1006 | D:2      | Reached skill level 1 in Maces & Flails
  1011 | D:2      | Found a hide-covered altar of Uskayaw.
  1096 | D:2      | Gained mutation: You have a pair of small horns on your
                  | head. [demonic ancestry]
  1096 | D:2      | Reached XP level 4. HP: 35/35 MP: 6/6
  1947 | D:3      | Reached XP level 5. HP: 42/42 MP: 7/7
  2421 | D:4      | Reached **** piety under Lugonu
  2428 | D:4      | Reached skill level 4 in Invocations
  2579 | D:4      | Found Vuvib's Weapon Emporium.
  2596 | D:4      | Found Utwigu's Mayhem Merchandise.
  2872 | D:4      | Gained mutation: You are mostly covered in thin metallic
                  | scales. (AC +3) [demonic ancestry]
  2872 | D:4      | Reached XP level 6. HP: 41/48 MP: 9/9
  3277 | D:5      | Entered Level 5 of the Dungeon
  3279 | D:5      | Found a staircase to the Ecumenical Temple.
  3645 | D:4      | Gained mutation: You are partially covered in sharp spines.
                  | [demonic ancestry]
  3645 | D:4      | Reached XP level 7. HP: 22/55 MP: 10/10
  3868 | D:5      | Reached skill level 5 in Invocations
  4056 | D:5      | Found Heerizuh's Armour Shoppe.
  4149 | D:5      | Reached skill level 5 in Fighting
  4714 | D:6      | Reached skill level 6 in Invocations
  4714 | D:6      | Reached XP level 8. HP: 62/62 MP: 12/12
  5291 | D:6      | Found a burning altar of Makhleb.
  5510 | D:7      | Reached skill level 7 in Invocations
  5528 | D:7      | Reached skill level 5 in Armour
  6019 | D:7      | Reached XP level 9. HP: 61/69 MP: 14/14
  6415 | D:7      | Reached ***** piety under Lugonu
  6950 | D:8      | Noticed a kobold demonologist
  6956 | D:8      | Noticed a sun demon
  6956 | D:8      | Banished a kobold demonologist
  6957 | D:8      | Reached skill level 5 in Dodging
  7057 | D:8      | Reached skill level 5 in Maces & Flails
  7297 | D:8      | Found Vayru's Magic Scroll Emporium.
  7303 | D:8      | Bought a scroll of identify for 30 gold pieces
  7303 | D:8      | Bought a scroll of blinking for 112 gold pieces
  7303 | D:8      | Bought a scroll of enchant weapon for 112 gold pieces
  7303 | D:8      | Bought a scroll of butterflies for 60 gold pieces
  7303 | D:8      | Bought a scroll of identify for 30 gold pieces
  7303 | D:8      | Bought a scroll of identify for 30 gold pieces
  7303 | D:8      | Bought a scroll of identify for 30 gold pieces
  7303 | D:8      | Bought a scroll of poison for 60 gold pieces
  7681 | D:8      | Reached skill level 8 in Invocations
  7960 | D:8      | Found a staircase to the Lair.
  7971 | Lair:1   | Entered Level 1 of the Lair of Beasts
  8068 | Lair:1   | Noticed a cane toad
  8206 | Lair:1   | Killed a cane toad
  8337 | Lair:1   | Noticed a five-headed hydra
  8443 | D:9      | Reached XP level 10. HP: 70/79 MP: 16/16
  8471 | D:9      | Found a staircase to the Orcish Mines.
  8665 | D:9      | Reached skill level 9 in Invocations
  9948 | D:10     | Entered Level 10 of the Dungeon
 10351 | D:10     | Reached skill level 10 in Invocations
 10459 | D:10     | Found a transporter.
 10459 | D:10     | Noticed a boulder beetle
 10460 | D:10     | Found a transporter.
 10657 | D:10     | Found a runed translucent door.
 10657 | D:10     | Found a shimmering altar of Xom.
 10657 | D:10     | Noticed sigtrap's ghost (journeyman GrGl)
 10657 | D:10     | Noticed a +1 rapier of chaos
 10823 | D:10     | Reached XP level 11. HP: 60/86 MP: 18/18
 11292 | D:11     | Noticed Snorg
 11293 | D:11     | Banished Snorg
 11356 | D:11     | Noticed a two-headed ogre
 11360 | D:11     | Banished a two-headed ogre
 11410 | D:11     | Noticed a two-headed ogre
 11415 | D:11     | Found a frozen archway.
 11416 | D:11     | Banished a two-headed ogre
 11432 | IceCv    | Entered an ice cave
 11487 | IceCv    | Reached skill level 11 in Invocations
 12069 | IceCv    | Noticed a necromancer
 12069 | IceCv    | Noticed a bog body
 12079 | IceCv    | Killed a necromancer
 12086 | IceCv    | Killed a bog body
 12129 | IceCv    | Gained mutation: You have a pair of horns on your head.
                  | [demonic ancestry]
 12129 | IceCv    | Reached XP level 12. HP: 85/96 MP: 20/20
 12480 | D:11     | Noticed a two-headed ogre
 12485 | D:11     | Killed a two-headed ogre
 12486 | D:11     | Reached skill level 12 in Invocations
 12569 | D:11     | Noticed Harold
 12587 | D:11     | Killed Harold
 12919 | D:11     | Noticed a boulder beetle
 13030 | D:11     | Killed a boulder beetle
 13651 | D:11     | Found a snail-covered altar of Cheibriados.
 13730 | D:12     | Noticed a two-headed ogre
 13740 | D:12     | Killed a two-headed ogre
 13741 | D:12     | Reached skill level 10 in Fighting
 13833 | D:12     | Noticed a boulder beetle
 13947 | Lair:1   | Killed a five-headed hydra
 14418 | Lair:1   | Identified the ring of Agibai {rC+ MP+9}
 14750 | Lair:2   | Reached skill level 13 in Invocations
 14761 | Lair:2   | Reached ****** piety under Lugonu
 14810 | Lair:2   | Found a staircase to the Snake Pit.
 15235 | Lair:2   | Gained mutation: You are completely covered in thin
                  | metallic scales. (AC +4, rElec) [demonic ancestry]
 15235 | Lair:2   | Reached XP level 13. HP: 104/104 MP: 22/22
 15626 | Lair:3   | Found a staircase to the Swamp.
 15651 | Lair:3   | Reached skill level 1 in Evocations
 15751 | Lair:3   | Found a shadowy altar of Dithmenos.
 16518 | Lair:3   | Reached skill level 10 in Armour
 16999 | Lair:4   | Reached skill level 14 in Invocations
 17205 | Lair:4   | You fall into a shaft and drop 1 floor!
 17205 | Lair:5   | Entered Level 5 of the Lair of Beasts
 17220 | Lair:5   | Reached skill level 10 in Dodging
 17234 | Lair:5   | Reached skill level 10 in Maces & Flails
 17733 | Lair:4   | Reached XP level 14. HP: 92/113 MP: 19/24
 18128 | Lair:4   | Identified the +5 ring mail of Sucwiu {Contam rPois rF+++
                  | rN+++}
 18328 | Lair:4   | Reached skill level 5 in Evocations
 19816 | Lair:5   | Found a snail-covered altar of Cheibriados.
 19856 | Lair:5   | Reached skill level 15 in Invocations
 21536 | Lair:5   | Found a viscous altar of Jiyva.
 21536 | Lair:5   | Found a staircase to the Slime Pits.
 22307 | Snake:1  | Entered Level 1 of the Snake Pit
 22608 | Snake:1  | Gained mutation: A meltable shield of frost defends you.
                  | (SH +4) [demonic ancestry]
 22608 | Snake:1  | Reached XP level 15. HP: 118/122 MP: 26/26
 22761 | Snake:1  | Corrupted Snake:1
 22761 | Snake:1  | Noticed a tentacled starspawn
 22761 | Snake:1  | Noticed an ancient lich
 23396 | Snake:1  | Identified the +12 plate armour of Gozag's Brutal Revenge
                  | {-Cast Rampage Regen+ rCorr}
 23594 | Snake:2  | Found a basalt altar of Yredelemnul.
 24077 | Snake:2  | Found Qaxuaqack's Antique Weapon Shop.
 25155 | Snake:3  | Identified a scroll of acquirement
 25156 | Snake:3  | Acquired the +7 mace of Variability {chain chaos}
 25156 | Snake:3  | Found the +7 mace of Variability {chain chaos}
 26004 | Snake:3  | Reached skill level 16 in Invocations
 26435 | Snake:4  | Entered Level 4 of the Snake Pit
 26671 | Snake:4  | Corrupted Snake:4
 26689 | Snake:4  | Killed Mara
 26693 | Snake:4  | Noticed a tentacled starspawn
 26863 | Snake:4  | Noticed Agnes
 28481 | Snake:4  | Noticed Aizul
 28513 | Snake:4  | Killed Aizul
 28521 | Snake:4  | Noticed a nagaraja
 28846 | Snake:4  | Killed a nagaraja
 28857 | Snake:3  | Noticed Agnes
 28857 | Snake:3  | Agnes changed into Agnes the moth of wrath
 28859 | Snake:3  | Killed Agnes the moth of wrath
 29531 | Snake:4  | Reached XP level 16. HP: 99/130 MP: 28/28
 30277 | Snake:4  | Got a serpentine rune of Zot
 30700 | Snake:4  | Found Rotevum's Armour Boutique.
 30918 | Swamp:1  | Entered Level 1 of the Swamp
 30923 | Swamp:1  | Noticed a tentacled monstrosity
 31225 | D:10     | Killed sigtrap's ghost
 31634 | D:12     | Found Goit's Jewellery Shop.
 31811 | D:12     | Reached skill level 17 in Invocations
 34178 | D:14     | Noticed Nessos
 35056 | D:14     | Killed Nessos
 35521 | D:14     | Found a gate to the Vaults.
 35714 | D:15     | Entered Level 15 of the Dungeon
 35949 | D:15     | Corrupted D:15
 35949 | D:15     | Noticed a tentacled starspawn
 35949 | D:15     | Noticed a bone dragon
 35957 | D:15     | Noticed a tentacled starspawn
 36461 | D:15     | Found a runed translucent gate.
 36462 | D:15     | Found a runed translucent gate.
 36462 | D:15     | Found an ancient bone altar of Kikubaaqudgha.
 36463 | D:15     | Found a runed translucent gate.
 36463 | D:15     | Noticed Ghostmaker01's ghost (weakling FoFi)
 36464 | D:15     | Noticed a lich
 36464 | D:15     | Noticed a lich
 36464 | D:15     | Noticed a lich
 36464 | D:15     | Noticed a lich
 36924 | D:15     | Found a staircase to the Depths.
 37658 | Swamp:1  | Noticed Donald
 37673 | Lair:3   | Killed a tentacled monstrosity
 37944 | Swamp:1  | Killed Donald
 38095 | Swamp:1  | Gained mutation: You punish those that try to bend your
                  | will. (Will+) [demonic ancestry]
 38095 | Swamp:1  | Reached XP level 17. HP: 97/139 MP: 29/29
 39931 | Swamp:2  | Reached skill level 18 in Invocations
 41084 | Swamp:2  | Noticed Kirke
 41101 | Swamp:2  | Killed Kirke
 42841 | Swamp:4  | Entered Level 4 of the Swamp
 43192 | Swamp:4  | Found an ancient bone altar of Kikubaaqudgha.
 44041 | Swamp:4  | HP: 5/140 [four-headed hydra (13)]
 44047 | Swamp:4  | HP: 9/210 [swamp dragon/blast of poison (4)]
 44053 | Swamp:4  | HP: 5/210 [poisoned by a swamp dragon (blast of poison)]
 44058 | Swamp:4  | HP: 4/210 [poisoned by a swamp dragon (blast of poison)]
 44262 | Swamp:4  | HP: 6/140 [thorn hunter (16)]
 44262 | Swamp:4  | Slain by a thorn hunter

Illustrated notes

Levels and vault maps discovered:
D:1:      giann_forest_graveyard, layout_loops_ring,
          shapermc_ecumenical_altar_mp_highgroup
D:2:      layout_basic, basic_altar
D:3:      layout_loops_cross
D:4:      layout_basic, serial_shops, shop, minmay_hedge_maze,
          minmay_shop_mayhem, st_stairs_5, chequers_serial_rivers_room_a,
          chequers_serial_rivers_room_a, chequers_avenue
D:5:      layout_basic, minmay_temple_entry_gardened_gates, serial_shops,
          nicolae_shop_hallway_plus
D:6:      layout_gridville, lemuel_round_altar
D:7:      layout_rooms, enter_bailey_3, hangedman_glass_garden, chequers_jeans
D:8:      layout_basic, lair_entry_dummy, serial_shops, shop
D:9:      minmay_spotlight, layout_loops_corners, orc_0_dummy
D:10:     gammafunk_boulding_lane, layout_basic, ebering_ghost_xom
D:11:     layout_layer_cave, serial_ice, serial_ice_e, serial_ice_l,
          serial_ice_h, serial_ice_m, portal_ice_cave_entry_ice_simulacra,
          cheibrodos_worm_habitat, uniq_snorg, uniq_harold
D:12:     layout_roguey, serial_shops, shop, minmay_nine_imps
D:13:     layout_grid_maze
D:14:     layout_basic, skrybe_vaults_entry_preservation, serial_undead,
          serial_undead_a, serial_undead_e, serial_undead_a, serial_undead_e,
          uniq_nessos
D:15:     hangedman_depths_entry_try_elsewhere_first, layout_long_grid,
          chequers_serial_rivers_micro_b, gammafunk_ghost_crypt
Lair:1:   layout_loops_ring, nicolae_lair_run_with_the_wolves
Lair:2:   layout_roguey, guppyfry_snake_entry_island,
          grunt_forest_stairs_clearing, grunt_megastairs_1, lemuel_fruit_fields
Lair:3:   layout_regular_city, minmay_swamp_entry_reptiles, basic_altar,
          nicolae_lair_lakeside_cave
Lair:4:   layout_regular_city, minivault_26, serial_bayou_pond_b,
          serial_bayou_ford_a, serial_bayou_lake_a
Lair:5:   hangedman_lair_tendril_chambers, layout_layer_cave,
          dpeg_slime_entry_enclosed, basic_altar
Swamp:1:  layout_basic_swamp, evilmike_swamp_ruin_rubble_2, uniq_donald
Swamp:2:  nicolae_swamp_decorative_isthmus, layout_basic_swamp,
          nicolae_swamp_tree_designs, uniq_kirke
Swamp:3:  layout_basic_swamp, evilmike_swamp_ruin_house_2
Swamp:4:  swamp_basic_johnstein, layout_basic_swamp, grunt_ruined_hall
Snake:1:  layout_grid_shapes
Snake:2:  layout_onion_interference, serial_shops, nicolae_shop_statue_plus,
          basic_altar, lemuel_fruit_tree
Snake:3:  layout_misc_corridors, nicolae_snake_gridmaze_entwining,
          statue_in_the_mist_lemuel, hangedman_snake_thin_pillar_pass
Snake:4:  grunt_snake_rune_pools, layout_onion_interference, serial_shops, shop,
          grunt_megastairs_2, uniq_aizul, uniq_agnes, uniq_mara

Skill      XL: |  1  2  3  4  5  6  7  8  9 10 11 12 13 14 15 16 17 |
---------------+----------------------------------------------------+-----
Dodging        | 1 2 3 4 5 6 8 9 10 11 12 13 | 13.4
Armour         | 2 3 4 5 6 7 8 9 10 11 12 13 | 13.5
Invocations    | 3 4 6 7 8 10 11 13 14 15 16 17 18 | 18.7
Maces & Flails | 1 2 3 4 5 6 8 9 10 11 12 13 | 13.4
Fighting       | 4 5 6 7 8 9 10 11 12 13 14 | 14.8
Evocations     | 4 6 8 |  8.5
Axes           | |  1.8

Action                   |  1- 3 |  4- 6 |  7- 9 | 10-12 | 13-15 | 16-18 || total
-------------------------+-------+-------+-------+-------+-------+-------++-------
Melee: Hand axe          |     5 |       |       |       |       |       ||     5
       Mace              |    80 |   199 |   166 |       |       |       ||   445
       Headbutt          |       |    45 |    51 |   181 |   276 |   161 ||   714
       Punch             |       |     2 |     1 |       |     6 |       ||     9
       Dire flail        |       |       |    59 |   650 |   215 |       ||   924
       Flail             |       |       |       |       |   692 |       ||   692
       Great mace        |       |       |       |       |   146 |   502 ||   648
       Eveningstar       |       |       |       |       |       |   153 ||   153
Throw: Boomerang         |    11 |       |    18 |       |       |       ||    29
       Dart              |       |       |     2 |     1 |       |       ||     3
Invok: Banish            |       |       |     1 |     3 |       |       ||     4
       Bend Space        |       |       |       |       |     3 |     3 ||     6
       Corrupt           |       |       |       |       |     2 |     1 ||     3
Evoke: Wand              |       |       |       |     5 |       |       ||     5
       Condenser vane    |       |       |       |       |       |     1 ||     1
  Use: Potion            |       |     1 |       |     5 |    14 |    11 ||    31
       Scroll            |       |       |    13 |     3 |    15 |    10 ||    41
 Stab: Confused          |       |       |       |       |     1 |       ||     1
       Paralysed         |       |       |       |       |       |     8 ||     8
       Invisible         |       |       |       |       |       |     1 ||     1
Armor: Scale mail        |    39 |    88 |   114 |    57 |       |       ||   298
       Plate armour      |       |       |       |    55 |   261 |       ||   316
       Ring mail         |       |       |       |    47 |   235 |   350 ||   632
       Troll leather arm |       |       |       |    94 |   124 |       ||   218
Dodge: Dodged            |    55 |   124 |   138 |   340 |   706 |   505 ||  1868
       Repelled          |       |       |       |       |       |    14 ||    14
Block: Other             |       |       |       |       |   103 |   212 ||   315
       Reflection        |       |       |       |       |    28 |    20 ||    48
       Orb               |       |       |       |       |    56 |    55 ||   111
